 Dungeon Crawl Stone Soup version 0.30.1-3-gfc49f6343a (webtiles) character file.

Game seed: 9509216910979614258

109638 cheesebisquit the Brawler (level 16, -2/145 HPs)
             Began as a Troll Fighter on July 24, 2023.
             Was the Champion of Wu Jian.
             Slain by a tarantella (9 damage)
             ... on level 3 of the Lair of Beasts.
             The game lasted 01:52:57 (26432 turns).

cheesebisquit the Brawler (Troll Fighter)          Turns: 26432, Time: 01:52:58

Health: -2/145     AC: 16    Str: 27    XL:     16   Next: 5%
Magic:  19/19      EV: 18    Int:  9    God:    Wu Jian [******]
Gold:   465        SH: 13    Dex: 13    Spells: 6/21 levels left

rFire   + .          .
                       - Unarmed
rCold   + . .        H - +1 kite shield {AC+3}
rNeg    . . .        I - +3 troll leather armour {Snorg}
rPois   +            R - +2 hat
rElec   +            u - scarf {harm}
rCorr   +            (gloves unavailable)
SInv    .            (boots unavailable)
Will    +....        E - amulet "Rizxar" {Faith rElec rF+ rCorr}
Stlth   +            A - +5 ring of evasion
HPRegen 2.04/turn    f - ring of poison resistance
MPRegen 0.16/turn

%: harm (+30% outgoing, +20% incoming), faith
@: slowed, very slow
A: large, unfitting armour, claws 3, regeneration 1, shaggy fur 1, tough skin 1,
iridescent scales 1, agile 1, cold resistance 1, frail 1
a: Renounce Religion, Wall Jump, Serpent's Lash, Heavenly Storm


You were on level 3 of the Lair of Beasts.
You worshipped Wu Jian.
Wu Jian was exalted by your worship.
You visited 5 branches of the dungeon, and saw 24 of its levels.
You also visited: Ossuary and Bailey.

You collected 2748 gold pieces.
You spent 2283 gold pieces at shops.

Inventory:

Hand Weapons
 b - a +9 morningstar
 g - a +3 hand axe of flaming
Missiles
 a - 24 large rocks
 c - 5 datura-tipped darts
 d - 14 boomerangs (quivered)
 n - 10 curare-tipped darts
 w - a silver javelin
 J - 4 javelins
 M - 4 throwing nets
 O - 8 poisoned darts
Armour
 s - a +2 robe of the Archmagi
 u - a scarf of harm (worn)
 H - a +1 kite shield of protection (worn)
 I - a +3 troll leather armour (worn) {Snorg}
 R - a +2 hat (worn)
 W - a +1 robe of cold resistance
Jewellery
 f - a ring of poison resistance (right claw)
 A - a +5 ring of evasion (left claw)
 B - a ring of flight
 E - the amulet "Rizxar" (around neck) {Faith rElec rF+ rCorr}
   (You acquired it on level 2 of the Orcish Mines)

   [amulet of faith]

   It allows you to gain divine favour quickly.
   rF:        It protects you from fire.
   rElec:     It insulates you from electricity.
   rCorr:     It protects you from acid and corrosion.
 F - a ring of fire
 L - an amulet of magic regeneration
 Q - a +6 ring of intelligence
 V - a ring of ice
 Y - the ring of Intercession {*Corrode rElec rN++ Str+6 SInv}
   (You found it on level 15 of the Dungeon)

   [ring of strength]

   Str:       It affects your strength (+6).
   rElec:     It insulates you from electricity.
   rN:        It greatly protects you from negative energy.
   SInv:      It lets you see invisible.
   *Corrode:  It may corrode you when you take damage.
Wands
 j - a wand of paralysis (5)
 l - a wand of polymorph (22)
 y - a wand of flame (62)
 D - a wand of light (7)
 N - a wand of roots (4)
Scrolls
 e - 5 scrolls of magic mapping
 h - 4 scrolls of amnesia
 q - 2 scrolls of summoning
 r - 6 scrolls of torment
 v - a scroll of fear
 z - a scroll of enchant weapon
 C - 2 scrolls of immolation
 S - 2 scrolls of identify
 U - 5 scrolls of teleportation
 X - 2 scrolls of silence
Potions
 i - 4 potions of lignification
 k - 6 potions of flight
 o - 7 potions of brilliance
 t - 5 potions of mutation
 x - 3 potions of magic
 G - 2 potions of resistance
 K - 2 potions of curing
 P - a potion of cancellation


   Skills:
 + Level 11.0 Fighting
 - Level 9.9 Dodging
 + Level 12.0 Shields
 * Level 17.7 Unarmed Combat
 - Level 3.3 Spellcasting
 + Level 4.7 Transmutations
 + Level 5.8 Earth Magic


You had 6 spell levels left.
You knew the following spells:

 Your Spells              Type           Power      Damage    Failure   Level
a - Statue Form           Tmut/Erth      7%         N/A       100%        6
b - Blink                 Tloc           2%         N/A       63%         2
c - Lesser Beckoning      Tloc           2%         N/A       63%         2
d - Wereblood             Tmut           10%        N/A       11%         2
e - Vhi's Electric Charg  Tloc/Air       2%         N/A       85%         3

Your spell library contained the following spells:

 Spells                   Type           Power      Damage    Failure   Level
 Beastly Appendage        Tmut           20%        N/A       8%          1
 Passwall                 Tmut/Erth      9%         N/A       9%          2
 Shock                    Conj/Air       4%         1d3       47%         1
 Spider Form              Tmut/Pois      5%         N/A       52%         3
 Cigotuvi's Dreadful Rot  Necr/Pois/Air  2%         N/A       63%         2
 Ensorcelled Hibernation  Hex/Ice        2%         N/A       63%         2
 Momentum Strike          Conj/Tloc      2%         3d8       63%         2
 Ignite Poison            Fire/Tmut/Pois 4%         N/A       63%         3
 Lee's Rapid Deconstruct  Erth           5%         3d6*      80%         5
 Dazzling Flash           Conj/Hex       2%         N/A       85%         3
 Gell's Gravitas          Tloc           1%         N/A       85%         3
 Hailstorm                Conj/Ice       1%         3d3       85%         3
 Inner Flame              Hex/Fire       1%         N/A       85%         3
 Summon Guardian Golem    Hex/Summ       1%         N/A       85%         3
 Swiftness                Air            1%         N/A       85%         3
 Teleport Other           Tloc           1%         N/A       85%         3
 Leda's Liquefaction      Hex/Erth       3%         N/A       85%         4
 Ice Form                 Ice/Tmut       5%         N/A       89%         4
 Airstrike                Air            0%         2d(1-17)  99%         4
 Flame Wave               Conj/Fire      1%         2d4       99%         4
 Sticky Flame             Conj/Fire      1%         2d3       99%         4
 Summon Ice Beast         Ice/Summ       1%         N/A       99%         4
 Agony                    Necr           1%         N/A       100%        5
 Arcjolt                  Conj/Air       0%         1d10      100%        5
 Freezing Cloud           Conj/Ice/Air   0%         6-21      100%        5
 Silence                  Hex/Air        0%         N/A       100%        5
 Summon Forest            Summ/Tloc      0%         N/A       100%        5
 Summon Mana Viper        Hex/Summ       1%         N/A       100%        5
 Eringya's Noxious Bog    Tmut/Pois      2%         N/A       100%        6
 Plasma Beam              Fire/Air       0%         2x1d11    100%        6
 Simulacrum               Ice/Necr       0%         N/A       100%        6
 Monstrous Menagerie      Summ           0%         N/A       100%        7
 Orb of Destruction       Conj           0%         9d5       100%        7
 Ozocubu's Refrigeration  Ice            0%         4d7       100%        7
 Spellforged Servitor     Conj/Summ      0%         N/A       100%        7
 Summon Hydra             Summ           0%         N/A       100%        7
 Polar Vortex             Ice            0%         N/A       100%        9


Dungeon Overview and Level Annotations

Branches:
Dungeon (15/15)            Temple (1/1) D:4            Lair (5/5) D:10
 Shoals (0/4) Lair:3       Spider (1/4) Lair:3        Slime (0/5) Lair:4
    Orc (2/2) D:11            Elf (0/3) Orc:2        Vaults (0/5) D:13
 Depths (0/4) D:15        Ossuary (visited)          Bailey (visited)

Altars:
Ashenzari
Cheibriados
Dithmenos
Elyvilon
Fedhas
Gozag
Hepliaklqana
Kikubaaqudgha
Makhleb
Nemelex Xobeh
Okawaru
Qazlal
Ru
Sif Muna
Trog
Uskayaw
Vehumet
Wu Jian
Xom
Yredelemnul
Zin
The Shining One
Jiyva

Shops:
D:8 *   Orc:1 [:   Orc:2 ?[*:=

Portals:
Pandemonium: Orc:2


Innate Abilities, Weirdness & Mutations

You are too large for most types of armour.
You have claws for hands.
Your natural rate of healing is unusually fast.
You are covered in fur. (AC +1)
You have tough skin. (AC +1)
You are partially covered in iridescent scales. (AC +2)
You are agile. (Dex +4, Str/Int -1)
Your flesh is cold resistant. (rC+)
You are frail. (-10% HP)


Message History

You barely miss the tarantella. The tarantella closely misses you.
The tarantella touches you.
The moth of wrath bites you but does no damage.
The torpor snail bites you! The tarantella completely misses you.
You're too confused to move!
You feel less invigorated. The tarantella touches you.
The moth of wrath goads the tarantella on!
The tarantella goes berserk!
The tarantella touches you!
You are more confused.
The tarantella touches you. The torpor snail completely misses you.
The tarantella touches you but does no damage.
The moth of wrath goads the tarantella on!
The tarantella goes berserk!
The tarantella barely misses you.
You bump into the rock wall.
The tarantella touches you! The tarantella closely misses you.
The tarantella touches you but does no damage.
The tarantella touches you!
You are more confused.
The torpor snail bites you!! The moth of wrath bites you!
The tarantella touches you!
The tarantella touches you but does no damage.
The torpor snail bites you!!
* * * LOW HITPOINT WARNING * * *
The moth of wrath bites you but does no damage.
You are too confused!
Okay, then.
Okay, then.
You feel better. The tarantella closely misses you.
You block the tarantella's attack. The tarantella barely misses you.
The tarantella touches you!!
* * * LOW HITPOINT WARNING * * *
The torpor snail closely misses you. The tarantella closely misses you.
You block the moth of wrath's attack.
The tarantella touches you but does no damage.
You block the torpor snail's attack. The tarantella closely misses you.
You feel better. You block the tarantella's attack. The tarantella touches you!
* * * LOW HITPOINT WARNING * * *
You block the tarantella's attack. The moth of wrath misses you.
The tarantella completely misses you. The tarantella touches you!
You die...

##....# #.##..##
####
#####..###..#######
#......^#^##.#.#
##...##.#.^#...#
##.^#...#^#...##
#.#.#..#^..#...#
##^..#y##^^^#..#
###^.#..@s.#^#..##
####
#.#..^.s#w..^^...#
#.#.
##.#...#...#^#...#
##.#
##.^...^^...#..##
#.. ##.##.##.#...##
#.. ###.#.#.###.###
##.. #.#.### ##..#
##... #####
#..####....
##..##.....


You could see a torpor snail (berserk), a moth of wrath and 2 tarantellas.

Vanquished Creatures
  2 orc warlords
  A dire elephant (Lair:5)
  The ghost of pogojo the Fighter, a journeyman MiBe of Trog (D:13)
  Snorg (D:13)
  Josephine (Orc:1)
  An entropy weaver (Lair:3)
  Harold (D:11)
  Fannar (Lair:3)
  A demonspawn (Orc:2)
  2 ice dragons (D:15)
  An ice dragon (shapeshifter) (D:13)
  The ghost of shmup the Arsonist, a journeyman TeFE of Nemelex Xobeh (D:12)
  A catoblepas (Lair:5)
  A jorogumo (shapeshifter) (D:12)
  3 hydras
  5 boulder beetles
  3 centaur warriors
  3 two-headed ogres
  A deep troll shaman (Lair:5)
  12 death yaks
  7 tengu warriors
  7 orc high priests (Orc:2)
  Sonja (D:10)
  Amaemon (D:9)
  Nergalle (D:10)
  3 skeletal warriors (D:13)
  A fire crab (Lair:5)
  3 skysharks (Lair:5)
  A glowing orange brain (D:12)
  A wizard (D:10)
  5 orc knights
  An obsidian statue (D:15)
  A harpy (shapeshifter) (D:15)
  2 deep elf pyromancers
  12 ugly things
  The ghost of pogojo the Thaumaturge, a novice DEFE of Dithmenos (D:9)
  A wolf spider (Lair:3)
  4 cyclopes
  3 manticores
  5 orc sorcerers
  A cyclops (shapeshifter) (D:12)
  3 black mambas
  4 elephants (Lair:5)
  2 torpor snails
  A demonic crawler (Lair:3)
  A rust devil (Orc:2)
  2 cane toads
  An orange demon (D:9)
  A gargoyle (D:11)
  4 kobold demonologists
  6 komodo dragons
  An unseen horror (D:11)
  A rime drake (D:10)
  A freezing wraith (D:15)
  2 ice devils (Orc:2)
  2 tengu conjurers
  A yaktaur (shapeshifter) (D:13)
  5 trolls
  A troll (shapeshifter) (D:12)
  2 polar bears
  2 tarantellas (Lair:3)
  A wind drake (Lair:3)
  Prince Ribbit (D:7)
  A polar bear (shapeshifter) (D:12)
  A hornet (D:10)
  15 dream sheep
  21 blink frogs
  7 slime creatures
  2 water elementals (D:12)
  A shadow (D:12)
  A vampire (D:12)
  4 basilisks
  51 yaks
  4 wyverns
  7 wraiths
  A human (shapeshifter) (D:13)
  5 neqoxecs
  8 vampire mosquitoes
  6 redbacks (Lair:3)
  3 steam dragons
  4 acid dragons
  A naga (shapeshifter) (D:12)
  A warg (Orc:1)
  13 water moccasins
  A water moccasin (shapeshifter) (D:15)
  Duvessa (D:7)
  Edmund (D:4)
  8 ice beasts
  38 orc warriors
  A black bear (Lair:5)
  10 ogres
  11 wolves
  7 centaurs
  9 bullfrogs
  3 gnoll sergeants
  2 scorpions (D:5)
  13 wights (D:8)
  Dowan (D:7)
  11 electric eels
  3 howler monkeys
  A crimson imp (D:10)
  3 quasits (D:9)
  A jelly (D:4)
  26 orc priests
  6 hounds
  4 gnoll boudas
  A sleepcap (D:7)
  31 orc wizards
  3 iguanas
  10 hell rats
  A mummy (Ossuary)
  15 adders
  35 gnolls
  An ufetubus (D:5)
  2 worms
  A worm (shapeshifter) (D:12)
  5 dart slugs
  86 orcs
  4 spectral bats (Ossuary)
  9 endoplasms
  4 giant cockroaches
  12 gnoll zombies (Ossuary)
  9 goblins
  20 hobgoblins
  3 jackals (D:5)
  4 quokkas
  6 ball pythons
  5 bats
  3 bat simulacra (Ossuary)
  A frilled lizard (D:2)
  3 goblin simulacra (Ossuary)
  4 goblin zombies (Ossuary)
  5 hobgoblin zombies (Ossuary)
  14 kobolds
  A kobold simulacrum (Ossuary)
  7 kobold zombies (Ossuary)
  2 orc zombies (Ossuary)
  A quokka zombie (D:7)
  6 rats
  4 rat simulacra (Ossuary)
  A rat zombie (D:7)
  3 spectral goblins (Ossuary)
  A spectral kobold (Ossuary)
  A spectral rat (Ossuary)
792 creatures vanquished.

Vanquished Creatures (collateral kills)
  A pharaoh ant (Lair:3)
1 creature vanquished.

Grand Total: 793 creatures vanquished

Notes
Turn   | Place    | Note
-------+----------+-------------------------------------------
     0 | D:1      | cheesebisquit the Troll Fighter began the quest for the
                  | Orb.
     0 | D:1      | Reached XP level 1. HP: 22/22 MP: 0/0
    50 | D:1      | Found a faded altar of an unknown god.
   175 | D:1      | Reached XP level 2. HP: 29/29 MP: 1/1
   279 | D:1      | You fall into a shaft and drop 1 floor!
   310 | D:1      | Reached XP level 3. HP: 24/36 MP: 2/2
   370 | D:2      | Reached skill level 3 in Unarmed Combat
   965 | D:2      | Reached XP level 4. HP: 44/44 MP: 3/3
  1379 | D:3      | Reached skill level 4 in Unarmed Combat
  1379 | D:3      | Reached XP level 5. HP: 38/53 MP: 4/4
  1720 | D:3      | Found a burning altar of Makhleb.
  1742 | D:3      | Found a stormy altar of Qazlal.
  1940 | D:4      | Found a staircase to the Ecumenical Temple.
  1984 | Temple   | Entered the Ecumenical Temple
  2143 | Temple   | Became a worshipper of the Wu Jian Council
  2171 | D:4      | Noticed an ogre
  2180 | D:4      | Killed an ogre
  2181 | D:4      | Reached XP level 6. HP: 15/61 MP: 5/5
  2306 | D:4      | Reached skill level 5 in Unarmed Combat
  2440 | D:4      | Noticed Edmund
  2446 | D:4      | Killed Edmund
  2447 | D:4      | Reached XP level 7. HP: 61/68 MP: 6/6
  2659 | D:4      | Found a shadowy altar of Dithmenos.
  2742 | D:4      | Reached * piety under Wu Jian
  2926 | D:5      | Entered Level 5 of the Dungeon
  2943 | D:5      | Reached skill level 6 in Unarmed Combat
  3053 | D:5      | Reached skill level 5 in Shields
  3053 | D:5      | Reached XP level 8. HP: 54/79 MP: 7/7
  3059 | D:5      | Reached skill level 7 in Unarmed Combat
  3244 | D:5      | Found a broken altar of Ashenzari.
  3248 | D:5      | Saw a vision of the Shoals and the Spider Nest.
  3248 | D:5      | Noticed an orb spider
  3248 | D:5      | Noticed a sea snake
  3248 | D:5      | Noticed a merfolk impaler
  3248 | D:5      | Noticed an entropy weaver
  3248 | D:5      | Noticed a jumping spider
  3248 | D:5      | Noticed a harpy
  3248 | D:5      | Noticed a manticore
  3248 | D:5      | Noticed a culicivora
  3248 | D:5      | Noticed a wolf spider
  3248 | D:5      | Noticed a culicivora
  3248 | D:5      | Noticed a demonic crawler
  3248 | D:5      | Noticed a merfolk siren
  3248 | D:5      | Noticed a snapping turtle
  3248 | D:5      | Noticed a sea snake
  3249 | D:5      | Noticed a pharaoh ant
  3249 | D:5      | Noticed a jumping spider
  3249 | D:5      | Noticed a skyshark
  3407 | D:5      | Found a blossoming altar of Fedhas.
  3514 | D:5      | Found a hide-covered altar of Uskayaw.
  3778 | D:6      | Identified the orb of Defiance {mayhem, rC+ Dex+3}
  3798 | D:6      | Reached skill level 5 in Fighting
  3859 | D:6      | Reached skill level 8 in Unarmed Combat
  4151 | D:5      | Reached ** piety under Wu Jian
  4452 | D:7      | Reached XP level 9. HP: 51/88 MP: 8/8
  4523 | D:7      | Noticed Duvessa
  4524 | D:7      | Noticed Dowan
  4531 | D:7      | Killed Duvessa
  4533 | D:7      | Killed Dowan
  4813 | D:7      | Reached skill level 9 in Unarmed Combat
  4860 | D:7      | Noticed Prince Ribbit
  4880 | D:7      | Killed Prince Ribbit
  4974 | D:7      | Found a sand-covered staircase.
  4981 | Ossuary  | Entered an ossuary
  5063 | Ossuary  | Reached *** piety under Wu Jian
  5385 | D:8      | Reached **** piety under Wu Jian
  5572 | D:8      | Found Lcom's Luxury Loot.
  5595 | D:8      | Bought 6 large rocks for 99 gold pieces
  5595 | D:8      | Bought a potion of lignification for 33 gold pieces
  5595 | D:8      | Bought a wand of light (4) for 184 gold pieces
  5879 | D:8      | Reached skill level 10 in Unarmed Combat
  5926 | D:8      | Found a snail-covered altar of Cheibriados.
  5987 | D:8      | Found a glowing silver altar of Zin.
  5991 | D:8      | Reached XP level 10. HP: 98/98 MP: 9/9
  6403 | D:9      | Found a transporter.
  6407 | D:9      | Noticed pogojo's ghost (novice DEFE)
  6623 | D:9      | Noticed an orange demon
  6623 | D:9      | Noticed Amaemon
  6634 | D:9      | HP: 4/100 [Amaemon/+0 demon whip of venom (6)]
  6635 | D:9      | HP: 1/100 [Amaemon/+0 demon whip of venom (1)]
  6708 | D:9      | Noticed an orange demon
  6905 | D:9      | Killed Amaemon
  6916 | D:9      | Killed an orange demon
  6917 | D:9      | Reached skill level 11 in Unarmed Combat
  7026 | D:9      | Found a transporter.
  7102 | D:10     | Entered Level 10 of the Dungeon
  7117 | D:10     | Noticed Sonja
  7164 | D:10     | Killed Sonja
  7220 | D:10     | Found a flagged portal.
  7224 | D:10     | Identified the +6 hand axe "Fasor" {heavy, rPois rC+}
  7228 | Bailey   | Entered a bailey
  7337 | Bailey   | Noticed an orc knight
  7349 | Bailey   | Killed an orc knight
  7350 | Bailey   | Reached skill level 5 in Dodging
  7522 | Bailey   | Noticed an orc warlord
  7524 | Bailey   | Reached ***** piety under Wu Jian
  7579 | Bailey   | Killed an orc warlord
  7580 | Bailey   | Reached XP level 11. HP: 49/109 MP: 10/10
  7768 | D:10     | Reached skill level 13 in Unarmed Combat
  7768 | D:10     | Reached XP level 12. HP: 119/119 MP: 11/11
  7871 | D:10     | Noticed Nergalle
  7882 | D:10     | Killed Nergalle
  8083 | D:10     | Found a staircase to the Lair.
  9476 | D:11     | Noticed Harold
  9486 | D:11     | Noticed a two-headed ogre
  9493 | D:11     | Killed Harold
  9496 | D:11     | Killed a two-headed ogre
  9724 | D:11     | Found a staircase to the Orcish Mines.
  9870 | D:12     | Reached skill level 14 in Unarmed Combat
  9919 | D:12     | Noticed a two-headed ogre
  9928 | D:12     | Killed a two-headed ogre
 10196 | D:12     | Found a runed translucent gate.
 10196 | D:12     | Found a runed translucent gate.
 10196 | D:12     | Found a runed translucent gate.
 10438 | D:12     | Noticed a two-headed ogre
 10441 | D:12     | Killed a two-headed ogre
 10651 | D:12     | Reached XP level 13. HP: 109/131 MP: 12/12
 11581 | D:9      | Killed pogojo's ghost
 11582 | D:9      | Reached skill level 10 in Shields
 11597 | D:9      | Gained mutation: You have a pair of small horns on your
                  | head. [a neqoxec]
 11598 | D:9      | Gained mutation: Your spells are a little easier to cast,
                  | but a little less powerful. [a neqoxec]
 11731 | D:12     | an alligator changed into a spark wasp
 11731 | D:12     | Noticed a spark wasp (glowing shapeshifter)
 11735 | D:12     | a spark wasp changed into a jorogumo
 11757 | D:12     | Found a runed translucent gate.
 11757 | D:12     | Found a runed translucent gate.
 11764 | D:12     | Found a runed translucent gate.
 11764 | D:12     | Noticed shmup's ghost (journeyman TeFE)
 11836 | D:12     | Killed shmup's ghost
 11967 | D:12     | Gained mutation: You are frail. (-10% HP) [a neqoxec]
 12077 | D:12     | Gained mutation: You occasionally shout uncontrollably at
                  | your foes. [mutagenic glow]
 12083 | D:12     | Lost mutation: Your spells are a little easier to cast, but
                  | a little less powerful. [potion of mutation]
 12083 | D:12     | Lost mutation: You have a pair of small horns on your head.
                  | [potion of mutation]
 12083 | D:12     | Gained mutation: You have hidden genetic potential. [potion
                  | of mutation]
 12083 | D:12     | Gained mutation: You occasionally lose the ability to read
                  | scrolls when taking damage. [potion of mutation]
 12084 | D:12     | Lost mutation: You are frail. (-10% HP) [potion of
                  | mutation]
 12084 | D:12     | Lost mutation: You occasionally shout uncontrollably at
                  | your foes. [potion of mutation]
 12084 | D:12     | Gained mutation: Your flesh is heat resistant. (rF+)
                  | [potion of mutation]
 12106 | D:12     | Gained mutation: You are frail. (-10% HP) [mutagenic glow]
 12176 | D:12     | Lost mutation: You occasionally lose the ability to read
                  | scrolls when taking damage. [potion of mutation]
 12176 | D:12     | Lost mutation: Your flesh is heat resistant. (rF+) [potion
                  | of mutation]
 12176 | D:12     | Lost mutation: You are frail. (-10% HP) [potion of
                  | mutation]
 12176 | D:12     | Gained mutation: You are partially covered in iridescent
                  | scales. (AC +2) [potion of mutation]
 12176 | D:12     | Gained mutation: You are frail. (-10% HP) [potion of
                  | mutation]
 12236 | Lair:1   | Entered Level 1 of the Lair of Beasts
 12255 | D:10     | Reached skill level 15 in Unarmed Combat
 13224 | Lair:2   | Learned a level 6 spell: Statue Form
 13227 | Lair:2   | Learned a level 2 spell: Blink
 13230 | Lair:2   | Learned a level 2 spell: Lesser Beckoning
 13233 | Lair:2   | Learned a level 2 spell: Wereblood
 13377 | D:8      | Bought a book of Lightning for 374 gold pieces
 14403 | Lair:3   | Reached skill level 1 in Earth Magic
 14485 | Lair:3   | Reached skill level 1 in Transmutations
 14544 | Lair:3   | You fall into a shaft and drop 2 floors!
 14544 | Lair:5   | Entered Level 5 of the Lair of Beasts
 14590 | Lair:5   | Identified the +1 short sword of Jiclus {heavy, rPois Dex+3
                  | SInv Stlth+}
 14612 | Lair:5   | Reached skill level 1 in Spellcasting
 14634 | Lair:5   | Reached XP level 14. HP: 126/126 MP: 14/14
 14637 | Lair:5   | Reached ****** piety under Wu Jian
 14873 | Lair:3   | Noticed Fannar
 14887 | Lair:3   | Killed Fannar
 14897 | Lair:3   | Found a transporter.
 14898 | Lair:3   | Found a transporter.
 14970 | Lair:3   | Found a hole to the Spider Nest.
 15158 | Lair:3   | Reached skill level 10 in Fighting
 15327 | Lair:3   | Found a staircase to the Shoals.
 15341 | Lair:3   | Reached skill level 16 in Unarmed Combat
 15346 | Lair:3   | Gained mutation: You are agile. (Dex +4, Str/Int -1)
                  | [hidden potential]
 16127 | Lair:4   | Found a staircase to the Slime Pits.
 16127 | Lair:4   | Found a viscous altar of Jiyva.
 16552 | Lair:5   | Found a glowing golden altar of the Shining One.
 16557 | Lair:5   | Learned a level 3 spell: Vhi's Electric Charge
 18285 | Orc:1    | Entered Level 1 of the Orcish Mines
 18287 | Orc:1    | Noticed Josephine
 18302 | Orc:1    | Killed Josephine
 18335 | Orc:1    | Reached XP level 15. HP: 115/136 MP: 18/18
 18376 | Orc:1    | Found Peufeph's Book Emporium.
 18556 | Orc:1    | Found Foxiceps's Armour Emporium.
 18700 | Orc:2    | Entered Level 2 of the Orcish Mines
 18996 | Orc:2    | Found a staircase to the Elven Halls.
 19383 | Orc:2    | Found Hapnusoz's Jewellery Shoppe.
 19700 | Orc:2    | Found Nynkul's Magic Scroll Emporium.
 19711 | Orc:2    | Found Surixiot's General Store.
 19741 | Orc:2    | Bought a scroll of acquirement for 728 gold pieces
 19741 | Orc:2    | Acquired the amulet "Rizxar" {Faith rElec rF+ rCorr}
 19969 | Orc:2    | Gained mutation: Your flesh is cold resistant. (rC+)
                  | [hidden potential]
 19969 | Orc:2    | Lost mutation: You have hidden genetic potential. [hidden
                  | potential expressed]
 20289 | Orc:2    | Reached skill level 17 in Unarmed Combat
 21533 | Orc:2    | Found Kirghiucw's Book Boutique.
 21533 | Orc:2    | Found Ubiannow's Antique Armour Shop.
 21534 | Orc:2    | Found a one-way gate leading to the halls of Pandemonium.
 21566 | Orc:2    | Found Surixiot's General Store.
 21570 | Orc:2    | Found Nynkul's Magic Scroll Emporium.
 21623 | Orc:2    | Found Ubiannow's Antique Armour Shop.
 21623 | Orc:2    | Found Kirghiucw's Book Boutique.
 21624 | Orc:2    | Found a one-way gate leading to the halls of Pandemonium.
 21738 | Orc:2    | Found Hapnusoz's Jewellery Shoppe.
 21977 | Orc:2    | Found a staircase to the Elven Halls.
 22323 | Orc:2    | Bought a scroll of identify for 24 gold pieces
 22323 | Orc:2    | Bought a scroll of identify for 24 gold pieces
 22325 | Orc:2    | Bought a scroll of immolation for 48 gold pieces
 22325 | Orc:2    | Bought 5 poisoned darts for 36 gold pieces
 22325 | Orc:2    | Bought a potion of haste for 120 gold pieces
 22325 | Orc:2    | Bought a scroll of enchant armour for 90 gold pieces
 22330 | Orc:2    | Bought a scroll of enchant armour for 105 gold pieces
 22330 | Orc:2    | Bought a scroll of teleportation for 42 gold pieces
 22330 | Orc:2    | Bought a scroll of poison for 56 gold pieces
 22431 | D:13     | Found a runed translucent door.
 22648 | D:13     | Noticed pogojo's ghost (journeyman MiBe)
 22649 | D:13     | Identified the +7 war axe "Woukhliu" {speed, Contam rPois
                  | rF+ Int+2}
 22651 | D:13     | Found a gate leading to a gauntlet.
 22656 | D:13     | Noticed Snorg
 22664 | D:13     | Killed Snorg
 22665 | D:13     | Reached skill level 5 in Earth Magic
 23010 | D:13     | Found a gate to the Vaults.
 23185 | D:13     | Killed pogojo's ghost
 23860 | D:14     | Identified the +5 great mace of Neurosis {flame, Contam
                  | rElec Dex+2}
 24165 | D:15     | Entered Level 15 of the Dungeon
 24354 | D:15     | Identified the +1 robe of Day {*Slow rPois SInv}
 24508 | D:15     | Identified the ring of Intercession {*Corrode rElec rN++
                  | Str+6 SInv}
 24760 | D:15     | Found a staircase to the Depths.
 25264 | Orc:2    | Bought a ring of poison resistance for 320 gold pieces
 25474 | Spider:1 | Entered Level 1 of the Spider Nest
 25535 | Lair:3   | Reached XP level 16. HP: 76/145 MP: 19/19
 25581 | Lair:3   | HP: 4/144 [demonic crawler (16)]
 26088 | Lair:3   | Found a staircase to the Shoals.
 26194 | Lair:3   | Found a hole to the Spider Nest.
 26319 | Lair:3   | Found a transporter.
 26321 | Lair:3   | Found a transporter.
 26431 | Lair:3   | HP: 7/145 [tarantella (25)]
 26432 | Lair:3   | Slain by a tarantella

Illustrated notes

Levels and vault maps discovered:
D:1:      minmay_arrival_cross, layout_rooms, hellmonk_ecumenical_altar_run_dry,
          kennysheep_flooded_box
D:2:      layout_loops_ring
D:3:      layout_basic, nicolae_overflow_squiral, nicolae_half_adder
D:4:      minmay_chambers_of_fours, layout_basic, mainiacjoe_overflow_brackets,
          minmay_temple_entry_drinking_statues, dk_rats_in_the_wall, uniq_edmund
D:5:      layout_loops_ring, grunt_ashenzari_visionary
          [grunt_ashenzari_visionary_shoals, grunt_ashenzari_visionary_spider],
          nicolae_uskayaw_suspiria, amcnicky_altar_gilded
D:6:      layout_cave_pools
D:7:      layout_basic, enter_ossuary_4, uniq_duvessa, uniq_prince_ribbit1
D:8:      minmay_goldmine, layout_cave_pods, mainiacjoe_overflow_catch_the_wave,
          reono_crystal_passage, grunt_decor_mini_mirrors,
          nicolae_alphabet_shops
D:9:      layout_roguey, gammafunk_ghost_stat_death, uniq_amaemon
D:10:     layout_basic, hellmonk_lair_entry_icy, enter_bailey_2,
          lightli_wizard_tower, uniq_sonja, uniq_nergalle
D:11:     layout_basic, orc_0_dummy, uniq_harold
D:12:     minmay_weird_star, layout_basic,
          ploomutoo_gammafunk_ghost_potion_laboratory,
          kennysheep_generic_room_16
D:13:     layout_long_grid, david_vaults_2, ebering_ghost_inner_flame,
          gauntlet_entry_generic, uniq_snorg
D:14:     layout_basic, chequers_serial_rivers_room_a
D:15:     grunt_enter_depths_hoard, layout_basic, nicolae_lava_and_water,
          minmay_fountain_box, minmay_protected_statue
Temple:   eino_narrow_crystal_temple
Lair:1:   layout_concentric_octagons
Lair:2:   layout_long_grid, serial_bayou_shore_a
Lair:3:   gammafunk_boulding_lane, layout_cave_pods, minmay_shoals_entry_beasts,
          spider_nest_entry_rubble, uniq_fannar
Lair:4:   layout_gridlike, slime_entry_1
Lair:5:   grunt_lair_end_beastmaster, layout_gridlike, basic_altar,
          serial_bayou_shore_b
Spider:1: layout_spider_delve
Orc:1:    layout_diamond_mine, serial_shops, nicolae_diamond_shop, shop,
          uniq_josephine
Orc:2:    pf_orc_diabolical, layout_caves, serial_shops,
          nicolae_shop_pleasant_corner_grove

Skill      XL: |  1  2  3  4  5  6  7  8  9 10 11 12 13 14 15 |
---------------+----------------------------------------------+-----
Shields        | 3 4 5 6 8 9 10 11 12 | 12.0
Unarmed Combat | 3 4 5 6 8 10 11 13 14 15 16 17 | 17.7
Fighting       | 3 4 5 6 7 8 9 10 11 | 11.0
Dodging        | 3 5 6 7 8 9 |  9.9
Earth Magic    | 1 4 5 |  5.8
Transmutations | 1 3 4 |  4.7
Spellcasting   | 1 2 3 |  3.3

Action                     |  1- 3 |  4- 6 |  7- 9 | 10-12 | 13-15 | 16-18 || total
---------------------------+-------+-------+-------+-------+-------+-------++-------
  Melee: Unarmed           |   100 |   117 |   383 |   418 |  1231 |    29 ||  2278
         Headbutt          |       |       |       |       |     5 |       ||     5
         Morningstar       |       |       |       |       |     6 |       ||     6
  Throw: Dart              |     4 |    20 |    20 |    47 |   101 |       ||   192
         Javelin           |       |     1 |    11 |     7 |       |       ||    19
         Boomerang         |       |       |     6 |    62 |   213 |     7 ||   288
         Large rock        |       |       |       |     2 |    10 |       ||    12
         Throwing net      |       |       |       |     1 |       |       ||     1
   Cast: Wereblood         |       |       |       |       |     1 |       ||     1
 Invoke: Heavenly Storm    |       |       |       |     1 |       |       ||     1
         Serpent's Lash    |       |       |       |       |       |     1 ||     1
Ability: Lunge             |       |     8 |    31 |    57 |   114 |       ||   210
         Whirlwind         |       |       |    14 |    15 |    65 |       ||    94
  Evoke: Wand              |       |       |       |     6 |    20 |       ||    26
    Use: Potion            |       |     1 |     8 |    10 |    16 |     7 ||    42
         Scroll            |       |       |    16 |     9 |    27 |     3 ||    55
   Stab: Sleeping          |       |     1 |     2 |       |       |       ||     3
         Held in net/web   |       |       |       |     2 |       |       ||     2
         Petrified         |       |       |       |       |     1 |       ||     1
         Invisible         |       |       |       |       |       |     1 ||     1
 Armour: Robe              |    29 |    32 |    44 |       |     1 |       ||   106
         Steam dragon scal |       |       |     4 |    76 |   190 |       ||   270
         Troll leather arm |       |       |       |       |    74 |    24 ||    98
  Dodge: Dodged            |    37 |    33 |   106 |   117 |   376 |    88 ||   757
  Block: Kite shield       |    37 |    24 |   110 |   157 |   570 |    51 ||   949
